 Dungeon Crawl Stone Soup version 0.29.1-15-g9cfb28693d (webtiles) character file.

Game seed: 6245049211960140938

3123 BuddhaDhamma the Severer (level 9, -7/70 HPs)
             Began as a Minotaur Berserker on Mar 9, 2023.
             Was a Priest of Trog.
             Killed from afar by an electric eel (9 damage)
             ... with a bolt of electricity
             ... on level 8 of the Dungeon.
             The game lasted 00:10:50 (7086 turns).

BuddhaDhamma the Severer (Minotaur Berserker)       Turns: 7086, Time: 00:10:51

Health: -7/70      AC: 10    Str: 27    XL:     9   Next: 60%
Magic:  8/8        EV:  9    Int:  4    God:    Trog [***...]
Gold:   254        SH:  0    Dex: 15    Spells: 8/8 levels left

rFire   . . .      SeeInvis .   h - +1 battleaxe (flame)
rCold   . . .      Faith    .   (shield currently unavailable)
rNeg    . . .      Spirit   .   g - +0 chain mail
rPois   .          Reflect  .   (helmet restricted)
rElec   .          Harm     .   m - +1 cloak
rCorr   .          Rampage  .   (no gloves)
Will    .....                   (no boots)
Stlth   ..........              (no amulet)
HPRegen 0.21/turn               d - +6 ring of dexterity
MPRegen 0.11/turn               (no ring)

@: no status effects
A: horns 2, retaliatory headbutt
a: Renounce Religion, Berserk, Trog's Hand


You were on level 8 of the Dungeon.
You worshipped Trog.
Trog was most pleased with you.
You visited 1 branch of the dungeon, and saw 8 of its levels.

You collected 254 gold pieces.

Inventory:

Hand Weapons
 h - a +1 battleaxe of flaming (weapon)
Armour
 g - a +0 chain mail (worn)
 m - a +1 cloak (worn)
Jewellery
 d - a +6 ring of dexterity (left hand)
 n - a ring of protection from fire
 p - an amulet of magic regeneration
 x - a ring of ice
Scrolls
 a - 2 scrolls of teleportation
 e - 2 scrolls of noise
 s - a scroll of fear
 t - a scroll of magic mapping
Potions
 b - 4 potions of lignification
 f - 2 potions of brilliance
 i - a potion of degeneration
 j - 3 potions of flight
 k - 6 potions of curing
 l - a potion of mutation
 o - a potion of resistance
 q - 2 potions of might
 u - a potion of heal wounds
 w - 2 potions of ambrosia {unknown}


   Skills:
 - Level 3.6 Fighting
 + Level 16.1 Axes
 - Level 2.4 Armour
 - Level 2.1 Dodging


You had 8 spell levels left.
You didn't know any spells.
Your spell library was empty.

Dungeon Overview and Level Annotations

Branches:
Dungeon (8/15)             Temple (0/1) D:7
   Lair: D:8-11

Altars:
Hepliaklqana
Sif Muna
Vehumet
Yredelemnul
The Shining One

Annotations:
D:5 3 runed translucent doors, CeilingCat's ghost, amateur DrIE


Innate Abilities, Weirdness & Mutations

You have a pair of horns on your head.
You reflexively headbutt those who attack you in melee.


Message History

You hear a splash.
The electric eel shoots out a bolt of lightning at you!
The bolt of electricity hits you.
You throw a datura-tipped dart.
The datura-tipped dart hits the electric eel.
You hear a splash.
The electric eel shoots out a bolt of lightning at you!
The bolt of electricity hits you.
The electric eel shoots out a bolt of lightning at you!
The bolt of electricity hits you.
The electric eel shoots out a bolt of lightning at you!
The bolt of electricity misses you.
The electric eel shoots out a bolt of lightning at you!
The bolt of electricity hits you!
The electric eel shoots out a bolt of lightning at you!
The bolt of electricity hits you.
The electric eel shoots out a bolt of lightning at you!
The bolt of electricity misses you. x2
The bolt of electricity misses the electric eel.
You hit the electric eel. You burn the electric eel.
The electric eel is moderately wounded.
The electric eel shoots out a bolt of lightning at you!
The bolt of electricity hits you!
* * * LOW HITPOINT WARNING * * *
The bolt of electricity hits you.
* * * LOW HITPOINT WARNING * * *
The bolt of electricity hits the electric eel.
The electric eel completely resists.
You barely miss the electric eel. Your headbutt misses the electric eel.
The electric eel is moderately wounded.
The electric eel shoots out a bolt of lightning at you!
The bolt of electricity misses you. The bolt of electricity hits you!
* * * LOW HITPOINT WARNING * * *
The bolt of electricity hits the electric eel.
The electric eel completely resists.
The electric eel shoots out a bolt of lightning at you!
The bolt of electricity hits you.
* * * LOW HITPOINT WARNING * * *
The bolt of electricity hits you!
You die...

####### ####@....#
####....≈≈≈.# ##
##....≈≈S≈#≈.# .##
#..≈≈≈≈#≈≈≈≈..# #.##
#..≈#≈≈≈≈#≈≈≈.#
##.######..≈≈≈#≈≈≈≈#≈.#
##.........≈≈≈≈#≈≈≈≈..#
##........≈#≈≈≈≈#≈≈≈.#
######...≈≈≈#≈≈≈≈#≈.#


You could see an electric eel.

Vanquished Creatures
  A cyclops (D:8)
  The ghost of Ape3scape the Conjurer, a novice DrCj of Gozag (D:6)
  A wyvern (D:6)
  2 ice beasts
  2 black bears (D:5)
  A hornet zombie (D:6)
  An orc warrior (D:5)
  An ogre (D:7)
  A centaur (D:8)
  A kobold brigand (D:6)
  3 bullfrogs
  6 scorpions
  4 wights (D:6)
  A howler monkey (D:2)
  2 bullfrog zombies (D:6)
  2 hounds (D:5)
  2 jellies
  Crazy Yiuf (D:3)
  An orc priest (D:6)
  2 bullfrog skeletons (D:6)
  2 iguanas
  2 orc wizards (D:7)
  11 gnolls
  10 adders
  A shadow imp (D:7)
  A white imp (D:5)
  2 ufetubi
  4 dart slugs
  17 orcs
  5 ball pythons
  7 endoplasms
  3 giant cockroaches
  4 goblins
  5 hobgoblins
  8 jackals (D:1)
  3 quokkas
  5 bats
  A frilled lizard (D:3)
  10 kobolds
  5 rats
  A spectral goblin (D:2)
  A spectral orc (D:7)
144 creatures vanquished.

Vanquished Creatures (collateral kills)
  An orc (D:4)
1 creature vanquished.

Vanquished Creatures (others)
  2 orcs (D:4)
  A withered plant (D:6)
3 creatures vanquished.

Grand Total: 148 creatures vanquished

Notes
Turn   | Place    | Note
-------+----------+-------------------------------------------
     0 | D:1      | BuddhaDhamma the Minotaur Berserker began the quest for the
                  | Orb.
     0 | D:1      | Reached XP level 1. HP: 19/19 MP: 0/0
   118 | D:1      | Reached skill level 4 in Axes
   168 | D:1      | Reached XP level 2. HP: 19/26 MP: 1/1
   514 | D:1      | Reached skill level 5 in Axes
   519 | D:1      | Reached XP level 3. HP: 16/31 MP: 2/2
  1211 | D:2      | Reached ** piety under Trog
  1226 | D:2      | Found a faded altar of an unknown god.
  1336 | D:2      | Reached skill level 6 in Axes
  1336 | D:2      | Reached XP level 4. HP: 39/39 MP: 3/3
  2203 | D:3      | Found a runed translucent door.
  2204 | D:3      | Noticed Crazy Yiuf
  2212 | D:3      | Killed Crazy Yiuf
  2213 | D:3      | Reached skill level 7 in Axes
  2213 | D:3      | Reached XP level 5. HP: 33/45 MP: 2/4
  3069 | D:4      | Reached skill level 8 in Axes
  3188 | D:4      | Reached XP level 6. HP: 43/51 MP: 5/5
  3654 | D:5      | Entered Level 5 of the Dungeon
  3670 | D:5      | Noticed a wyvern
  3672 | D:5      | Found a runed translucent gate.
  3672 | D:5      | Found a runed translucent gate.
  3674 | D:5      | Found a runed translucent gate.
  3675 | D:5      | Noticed CeilingCat's ghost (amateur DrIE)
  3715 | D:5      | Reached skill level 9 in Axes
  3723 | D:5      | Reached *** piety under Trog
  3724 | D:5      | Reached XP level 7. HP: 56/57 MP: 6/6
  3948 | D:5      | Reached skill level 10 in Axes
  4352 | D:5      | Found a faded altar of an unknown god.
  4352 | D:5      | Found a faded altar of an unknown god.
  4359 | D:5      | Found a shimmering blue altar of Sif Muna.
  4361 | D:5      | Found a glowing golden altar of the Shining One.
  4363 | D:5      | Found a radiant altar of Vehumet.
  4628 | D:6      | Reached skill level 11 in Axes
  4861 | D:6      | Reached XP level 8. HP: 64/64 MP: 7/7
  4879 | D:5      | Reached skill level 12 in Axes
  5191 | D:6      | Reached skill level 13 in Axes
  5381 | D:6      | Found a runed translucent door.
  5381 | D:6      | Noticed Ape3scape's ghost (novice DrCj)
  5525 | D:6      | Reached skill level 14 in Axes
  5696 | D:6      | Found a hazy altar of Hepliaklqana.
  5797 | D:6      | Killed Ape3scape's ghost
  5798 | D:6      | Reached XP level 9. HP: 70/70 MP: 8/8
  6081 | D:7      | Reached skill level 15 in Axes
  6441 | D:7      | Found a staircase to the Ecumenical Temple.
  6490 | D:7      | Found a basalt altar of Yredelemnul.
  6641 | D:8      | Noticed a cyclops
  6645 | D:8      | Killed a cyclops
  6858 | D:8      | Reached skill level 16 in Axes
  7086 | D:8      | HP: 2/70 [electric eel/bolt of electricity (5)]
  7086 | D:8      | Killed from afar by an electric eel

Illustrated notes

Levels and vault maps discovered:
D:1:      saegor_arrival_simple_c, layout_basic
D:2:      layout_basic, dreamdust_ecumenical_altar_drowned_temple,
          chequers_decorated_corner
D:3:      layout_basic, uniq_crazy_yiuf_cottage
D:4:      layout_loops_ring, minmay_crystal_room
D:5:      layout_loops_ring, chequers_temple_overflow_minitemple,
          gammafunk_ghost_split
D:6:      layout_rooms, kennysheep_mini_moat, hellmonk_ghost_happy_afterlife,
          serial_undead, serial_undead_f, serial_undead_b, serial_undead_b,
          serial_undead_b
D:7:      layout_cave_pools, yredelemnul_forgotten_temple_becter,
          minmay_temple_entry_hall
D:8:      layout_layer_cave, nicolae_lava_and_water,
          minmay_misc_feat_secret_circle

Skill      XL: |  1  2  3  4  5  6  7  8  9 |
---------------+----------------------------+-----
Axes           | 4 5 6 7 8 9 11 14 16 | 16.1
Fighting       | |  3.6
Armour         | |  2.4
Dodging        | |  2.1

Action                   |  1- 3 |  4- 6 |  7- 9 || total
-------------------------+-------+-------+-------++-------
Melee: Hand axe          |    60 |   106 |       ||   166
       Headbutt          |     9 |    17 |    15 ||    41
       Battleaxe         |       |    20 |   136 ||   156
Throw: Dart              |     3 |     2 |     3 ||     8
Invok: Berserk           |       |     1 |     4 ||     5
  Use: Scroll            |       |     6 |    13 ||    19
Armor: Ring mail         |    28 |    14 |       ||    42
       Animal skin       |     1 |       |       ||     1
       Scale mail        |       |    16 |       ||    16
       Chain mail        |       |    21 |    90 ||   111
Dodge: Dodged            |    48 |    65 |    69 ||   182
